 Dungeon Crawl Stone Soup version 0.30-a0-881-g1ff12e1e11 (webtiles) character file.

Game seed: 17086457915756254413

53 bobarctor the Cudgeller (level 3, -1/29 HPs)
             Began as a Demonspawn Berserker on Mar 15, 2023.
             Was a Believer of Trog.
             Slain by a gnoll
             ... wielding a +0 spear
              (2 damage)
             ... on level 2 of the Dungeon.
             The game lasted 00:05:34 (896 turns).

bobarctor the Cudgeller (Demonspawn Berserker)       Turns: 896, Time: 00:05:35

Health: -1/29      AC:  5    Str: 17    XL:     3   Next: 62%
Magic:  3/3        EV: 12    Int:  8    God:    Trog [**....]
Gold:   89         SH:  0    Dex: 14    Spells: 2/2 levels left

rFire   . . .      SeeInvis .    a - +0 mace
rCold   . . .      Faith    .    (no shield)
rNeg    . . .      Spirit   .    b - +0 animal skin
rPois   .          Reflect  .    (no helmet)
rElec   .          Rampage  .    (no cloak)
rCorr   .                        (no gloves)
Will    .....                    (no boots)
Stlth   +                        (no amulet)
HPRegen 0.24/turn                (no ring)
MPRegen 0.08/turn                (no ring)

@: on berserk cooldown, slowed, very slow
A: icy blue scales 2
a: Renounce Religion, Berserk, Trog's Hand


You were on level 2 of the Dungeon.
You worshipped Trog.
Trog was pleased with you.
You visited 1 branch of the dungeon, and saw 2 of its levels.

You collected 89 gold pieces.

Inventory:

Hand Weapons
 a - a +0 mace (weapon)
 f - a +0 dagger
Armour
 b - a +0 animal skin (worn)
Scrolls
 c - 2 scrolls of identify {unknown}
 d - a scroll of immolation {unknown}
 e - a scroll of magic mapping {unknown}
Potions
 g - 2 potions of degeneration {unknown}
 h - a potion of haste {unknown}


   Skills:
 + Level 3.3 Fighting
 + Level 3.6 Maces & Flails
 + Level 1.9 Armour
 + Level 2.0 Dodging
 + Level 0.5 Stealth


You had 2 spell levels left.
You didn't know any spells.
Your spell library was empty.

Dungeon Overview and Level Annotations

Branches:
Dungeon (2/15)

Altars:


Innate Abilities, Weirdness & Mutations

You are mostly covered in icy blue scales. (AC +3)


Message History

The gnoll closely misses you.
Things that are here:
a +0 club; a +0 spear; a gnoll corpse The gnoll hits you from afar with a +0 spear.
The gnoll hits you from afar with a +0 spear.
Things that are here:
a +0 club; a +0 spear; a gnoll corpse The gnoll throws a throwing net.
The throwing net hits you.
You become entangled in the net!
You see here a throwing net.
A red film seems to cover your vision as you go berserk!
You feel yourself moving faster!
You feel mighty!
The gnoll hits you from afar with a +0 spear.
You struggle against the net.
You feel a strong urge to attack something.
The gnoll hits you from afar with a +0 spear.
You struggle against the net.
The gnoll hits you but does no damage.
You struggle against the net.
You feel your anger nearly subside.
You rip the net and break free!
You are no longer berserk.
You are exhausted.
You feel yourself slow down.
The gnoll hits you from afar with a +0 spear.
The gnoll completely misses you. The gnoll hits you with a +0 spear.
You barely miss the gnoll. You punch the gnoll.
The gnoll is lightly wounded.
The gnoll completely misses you. The gnoll barely misses you.
The gnoll hits you with a +0 spear!
* * * LOW HITPOINT WARNING * * *
The gnoll closely misses you.
You thump the gnoll!
The gnoll is severely wounded.
The gnoll barely misses you. The gnoll closely misses you.
The gnoll hits you with a +0 spear.
* * * LOW HITPOINT WARNING * * *
The gnoll hits you from afar with a +0 spear.
* * * LOW HITPOINT WARNING * * *
The gnoll attacks as you move away! The gnoll hits you with a +0 spear.
You die...

.... ##.. .....
##..
.....##..###
........(..#
...........#
...........#
........g..#
.##.####g###
#..<##@##
#.....#
#######.######.
#....#.........
#.......##.#..#
.......#.......#
#......#......##
..#.#.##....#.#
... #. ##..##.#


You could see 2 gnolls.

Vanquished Creatures
  2 gnolls (D:2)
  4 ball pythons (D:1)
  An endoplasm (D:1)
  4 giant cockroaches (D:1)
  6 goblins
  3 hobgoblins (D:1)
  A quokka (D:1)
  A bat (D:1)
  3 kobolds (D:1)
  4 rats (D:1)
29 creatures vanquished.

Notes
Turn   | Place    | Note
-------+----------+-------------------------------------------
     0 | D:1      | bobarctor the Demonspawn Berserker began the quest for the
                  | Orb.
     0 | D:1      | Reached XP level 1. HP: 18/18 MP: 1/1
   214 | D:1      | Gained mutation: You are partially covered in icy blue
                  | scales. (AC +2) [demonic ancestry]
   214 | D:1      | Reached XP level 2. HP: 21/24 MP: 2/2
   579 | D:1      | Gained mutation: You are mostly covered in icy blue scales.
                  | (AC +3) [demonic ancestry]
   579 | D:1      | Reached XP level 3. HP: 18/29 MP: 3/3
   706 | D:1      | Reached ** piety under Trog
   895 | D:2      | HP: 1/29 [gnoll/+0 spear (4)]
   896 | D:2      | Slain by a gnoll

Illustrated notes

Levels and vault maps discovered:
D:1:      pf_arrival_petrified_forest, layout_basic, serial_curves,
          eino_curves_03, eino_curves_04
D:2:      layout_rooms, uniq_natasha

Skill      XL: |  1  2  3 |
---------------+----------+-----
Maces & Flails | 3 |  3.6
Dodging        | 2 |  2.0
Fighting       | |  3.3
Armour         | |  1.9
Stealth        | |  0.5

Action                     || total
---------------------------++-------
  Melee: Mace              ||   106
         Punch             ||     2
 Invoke: Berserk           ||     1
   Stab: Sleeping          ||     1
 Armour: Animal skin       ||    25
  Dodge: Dodged            ||    79

Table legend: (Time is in decaauts)
 A = Elapsed time spent in this place.
 B = Non-inter-level travel time spent in this place.
 C = Inter-level travel time spent in this place.
 D = Time resting spent in this place.
 E = Time spent auto-exploring this place.
 F = Levels seen in this place.
 G = Mean time per level.
                   A        B        C        D        E       F      G
               +--------+--------+--------+--------+--------+-----+--------+
         Total |    920 |    900 |     20 |     87 |    535 |   2 |  460.0 |
       Dungeon |    920 |    900 |     20 |     87 |    535 |   2 |  460.0 |
               +--------+--------+--------+--------+--------+-----+--------+

Top non-repeatable levels by time:
     D:1: 857 daAuts
     D:2: 63 daAuts
